 Dungeon Crawl Stone Soup version 0.28.0-47-ge53b351184 (webtiles) character file.

Game seed: 5683987046201883348

215 Eitelfritz the Slasher (level 5, 0/40 HPs)
             Began as a Demonspawn Gladiator on Apr 29, 2022.
             Killed by nerve-wracking pain
             ... invoked by Grinder
              (2 damage)
             ... while paralysed by Grinder
             ... on level 3 of the Dungeon.
             The game lasted 00:04:40 (3524 turns).

Eitelfritz the Slasher (Demonspawn Gladiator)       Turns: 3524, Time: 00:04:41

Health: 0/40       AC:  6    Str: 16    XL:     5   Next: 60%
Magic:  0/5        EV:  2    Int: 10    God:
Gold:   165        SH:  0    Dex: 14    Spells: 4/4 levels left

rFire   . . .      SeeInvis .   a - +0 long sword
rCold   . . .      Faith    .   (no shield)
rNeg    . . .      Spirit   +   b - +0 leather armour
rPois   .          Reflect  .   c - +0 helmet
rElec   .          Harm     .   (no cloak)
rCorr   .          Rampage  .   (no gloves)
Will    .....                   (no boots)
Stlth   +.........              m - amulet of guardian spirit
HPRegen 0.13/turn               (no ring)
MPRegen 0.09/turn               (no ring)

@: paralysed
A: molten scales 1, foul stench 1, condensation shield
a: no special abilities


You were on level 3 of the Dungeon.
You visited 1 branch of the dungeon, and saw 3 of its levels.

You collected 165 gold pieces.

Inventory:

Hand Weapons
 a - a +0 long sword (weapon)
Armour
 b - a +0 leather armour (worn)
 c - a +0 helmet (worn)
Jewellery
 m - an amulet of guardian spirit (around neck)
Scrolls
 e - a scroll of fog {unknown}
 g - a scroll of immolation {unknown}
 h - a scroll of teleportation {unknown}
 i - a scroll of vulnerability {unknown}
 l - a scroll of magic mapping {unknown}
 n - a scroll of amnesia {unknown}
Potions
 f - a potion of magic {unknown}
 j - a potion of attraction {unknown}
 k - a potion of cancellation {unknown}
 o - 2 potions of curing {unknown}


   Skills:
 + Level 2.9 Fighting
 + Level 4.4 Long Blades
 + Level 2.0 Throwing
 + Level 1.6 Armour
 + Level 3.2 Dodging
 + Level 0.3 Stealth
 + Level 0.3 Shields


You had 4 spell levels left.
You didn't know any spells.
Your spell library contained the following spells:

 Spells                   Type           Power      Damage    Failure   Level
 Sandblast                Erth           0%         2d4       43%         1
 Shock                    Conj/Air       0%         1d3       43%         1
 Passwall                 Tmut/Erth      0%         N/A       56%         2
 Stone Arrow              Conj/Erth      0%         3d7       80%         3
 Swiftness                Air            0%         N/A       80%         3
 Airstrike                Air            0%         N/A       99%         4


Dungeon Overview and Level Annotations

Branches:
Dungeon (3/15)

Altars:

Annotations:
D:3 Grinder


Innate Abilities, Weirdness & Mutations

You are partially covered in molten scales. (AC +2)
You may rarely emit foul miasma when damaged in melee.
A meltable shield of frost defends you. (SH +4)


Message History

You closely miss Grinder.
Grinder blinks!
You barely miss the rat. The rat bites you but does no damage.
Throw: 3 throwing nets
Press: ? - help, Q - select action Shift-Dir - straight line, f - rat
Aim: a rat (translocational energy, 60% to hit)
You throw a throwing net. The throwing net hits the rat.
The rat is caught in the net!
The rat struggles against the net.
You hit the rat.
You kill the rat!
Throw: 2 throwing nets
Press: ? - help, Q - select action Shift-Dir - straight line, f - Grinder
Aim: Grinder (57% to hit)
You throw a throwing net. The throwing net barely misses Grinder.
Grinder misses you.
Unknown command.
Throw: throwing net
Press: ? - help, Q - select action Shift-Dir - straight line, f/p - Grinder
Aim: Grinder (57% to hit)
You throw a throwing net. The throwing net barely misses Grinder.
Grinder gestures at you.
You barely resist. You closely miss Grinder. Grinder hits you.
You writhe in agony.
You hit Grinder.
Grinder is lightly wounded.
Grinder closely misses you.
You hit Grinder.
Grinder is moderately wounded.
Grinder gestures at you.
You suddenly lose the ability to move!
Grinder hits you.
You writhe in agony.
* * * LOW HITPOINT WARNING * * *
Grinder hits you!
* * * LOW HITPOINT WARNING * * *
You writhe in agony.
* * * LOW HITPOINT WARNING * * *
Grinder hits you but does no damage. Grinder gestures at you.
Pain shoots through your body!
You die...

..# #.......# ..###...(...+
..'.........# ..###..####.#
..# #..## ..###...# ......#.#
#.#####.# #.######+##+######
#.# #.###...$.@5.....(....
+.# #..###########........
### ##.###########........
#.######.##.........ยง.......
.......................r..>.
..(..###..#.#.######........
.....+....#)#.# #........
.....####...#+## #........
.....+.........# #..(.....


You could see Grinder.

Vanquished Creatures
  A gnoll shaman (D:2)
  Jessica (D:2)
  Terence (D:2)
  4 gnolls
  4 adders
  A worm (D:2)
  2 dart slugs
  4 ball pythons
  4 bats (D:1)
  3 endoplasms
  3 giant cockroaches
  7 goblins
  5 hobgoblins
  5 kobolds
  5 quokkas
  3 frilled lizards (D:1)
  4 rats
57 creatures vanquished.

Notes
Turn   | Place    | Note
-------+----------+-------------------------------------------
     0 | D:1      | Eitelfritz the Demonspawn Gladiator began the quest for the
                  | Orb.
     0 | D:1      | Reached XP level 1. HP: 16/16 MP: 1/1
   184 | D:1      | Reached skill level 3 in Long Blades
   184 | D:1      | Gained mutation: You may rarely emit foul miasma when
                  | damaged in melee. [demonic ancestry]
   184 | D:1      | Reached XP level 2. HP: 22/22 MP: 2/2
   670 | D:1      | Gained mutation: A meltable shield of frost defends you.
                  | (SH +4) [demonic ancestry]
   670 | D:1      | Reached XP level 3. HP: 22/28 MP: 3/3
  1568 | D:2      | Found a faded altar of an unknown god.
  1643 | D:2      | Noticed Terence
  1652 | D:2      | Killed Terence
  1653 | D:2      | Reached skill level 1 in Armour
  1653 | D:2      | Gained mutation: You are partially covered in molten
                  | scales. (AC +2) [demonic ancestry]
  1653 | D:2      | Reached XP level 4. HP: 16/34 MP: 4/4
  2076 | D:2      | Noticed Jessica
  2090 | D:2      | Killed Jessica
  2662 | D:3      | Reached skill level 4 in Long Blades
  2756 | D:2      | Reached XP level 5. HP: 11/39 MP: 0/5
  3494 | D:3      | Noticed Grinder
  3520 | D:3      | Paralysed by Grinder for 5 turns
  3522 | D:3      | HP: 2/40 [Grinder (2)]
  3524 | D:3      | Killed from afar by Grinder

Illustrated notes

Levels and vault maps discovered:
D:1:      onia_arrival_mini_maze, layout_basic
D:2:      layout_loops_corners, ebering_ecumenical_altar_webs,
          roderic_lattice_a, minmay_misc_feat_four_crosses, uniq_jessica,
          uniq_terence
D:3:      cheibrodos_greedy_goblins, layout_basic, guppyfry_early_lair_pool,
          uniq_grinder

Skill      XL: |  1  2  3  4 |
---------------+-------------+-----
Long Blades    | 3 4 |  4.4
Throwing       | 2 |  2.0
Dodging        | 3 |  3.2
Armour         | 1 |  1.6
Fighting       | |  2.9
Stealth        | |  0.3
Shields        | |  0.3

Action                   |  1- 3 |  4- 6 || total
-------------------------+-------+-------++-------
Melee: Long sword        |   118 |    89 ||   207
       Punch             |     2 |       ||     2
Throw: Throwing net      |       |     3 ||     3
 Stab: Sleeping          |     2 |       ||     2
Armor: Leather armour    |    36 |    26 ||    62
Dodge: Dodged            |    85 |    50 ||   135
Block: Other             |    10 |    14 ||    24
